 Dungeon Crawl Stone Soup version 0.14-a0-181-gf6fe0c6 (webtiles) character file.

318 Leibowitz the Cutter (level 5, -4/32 HPs)
             Began as a Kobold Gladiator on Oct 6, 2013.
             Was an Initiate of Okawaru.
             Killed by divine providence
             ... invoked by an orc priest
              (10 damage)
             ... on Level 4 of the Dungeon.
             The game lasted 00:08:27 (2840 turns).

Leibowitz the Cutter (Kobold Gladiator)             Turns: 2840, Time: 00:08:27

HP  -4/32        AC  6     Str 15      XL: 5   Next: 50%
MP   4/4         EV 16     Int  6      God: Okawaru [......]
Gold 176         SH  0     Dex 16      Spells:  0 memorised,  4 levels left

Res.Fire  : . . .   See Invis. : .   a - +0 short sword
Res.Cold  : . . .   Warding    : .   e - +0 orc leather armour
Life Prot.: . . .   Conserve   : +   (no shield)
Res.Poison: .       Res.Corr.  : .   c - +0 helmet
Res.Elec. : .       Clarity    : .   (no cloak)
Sust.Abil.: . .     Spirit.Shd : .   r - +1 pair of elf gauntlets
Res.Mut.  : .       Stasis     : .   (no boots)
Res.Rott. : .       Flight     : .   s - amulet of conservation
Saprovore : + + .                    (no ring)
                                     m - +0,+7 ring of slaying

@: about to teleport, slightly resistant to hostile enchantments, stealthy
A: disease resistance, carnivore 3, saprovore 2
a: Renounce Religion


You were on level 4 of the Dungeon.
You worshipped Okawaru.
Okawaru was noncommittal.
You were not hungry.

You visited 1 branch of the dungeon, and saw 4 of its levels.

You collected 156 gold pieces.

Inventory:

Hand weapons
 a - a +0,+0 short sword (weapon)
Missiles
 d - 5 tomahawks (quivered)
Armour
 c - a +0 helmet (worn)
 e - a +0 orcish leather armour (worn)
 r - a +1 pair of elven gauntlets (worn)
Comestibles
 f - 2 meat rations
Scrolls
 g - 2 scrolls of identify
 n - a scroll of remove curse
Jewellery
 m - a +0,+7 ring of slaying (left hand)
 s - an amulet of conservation (around neck)
Potions
 h - a potion of resistance


   Skills:
 + Level 2.6 Fighting
 + Level 5.1 Short Blades
 + Level 3.1 Throwing
 + Level 5.1 Dodging
 * Level 3.1 Stealth


You had 4 spell levels left.
You didn't know any spells.

Dungeon Overview and Level Annotations

Branches:
Dungeon (4/27)
 Temple: D:4-7

Altars:
Okawaru
Xom
Zin

Annotations:
D:4 Malachi's ghost, average NaIE


Innate Abilities, Weirdness & Mutations

You recuperate from illness quickly.
You are small and have problems with some larger weapons.
You are carnivorous and can eat meat at any time.
You can eat rotten meat.


Message History

Drink which item? (? for menu, Esc to quit)
Okay, then.
Read which item? (? for menu, Esc to quit)
As you read the scroll of teleportation, it crumbles to dust.
You feel strangely unstable. The orc priest closely misses you.
The orc wizard hits you but does no damage.
Read which item? (? for menu, Esc to quit)
As you read the scroll labeled SAFETE VEICVA, it crumbles to dust.
You smell salt.
It was a scroll of random uselessness.
The orc priest hits you but does no damage.
The orc wizard closely misses you.
You closely miss the orc wizard.
The orc wizard is moderately wounded.
The orc priest barely misses you.
You hit the orc wizard.
The orc wizard is heavily wounded.
The orc wizard hits you but does no damage.
The orc priest mumbles some strange prayers to Beogh against you.
Something smites you!
You die...

#...##.### ### #...#
.. ...
#####...########.###
....................#
........(........#
######.#.........#.#
...#.##........#
....#.##o...?####
h....#.#@o........
###.#.####.#.####
.#.. ...... ...
....o.. . ..o>..
.o#.. . .


You could see an orc priest and an orc wizard.

Vanquished Creatures
  An orc priest (D:4)
  Ijyb (D:2)
  An adder (D:3)
  2 worms
  An adder skeleton (D:4)
  3 giant geckos
  An ooze (D:1)
  5 orcs
  2 ball pythons
  7 bats
  6 goblins
  10 hobgoblins
  7 kobolds
  2 quokkas
  2 giant cockroaches
  2 giant newts
  4 jackals
  4 rats
61 creatures vanquished.

Notes
Turn   | Place    | Note
--------------------------------------------------------------
     0 | D:1      | Leibowitz, the Kobold Gladiator, began the quest for the Orb.
     0 | D:1      | Reached XP level 1. HP: 13/13 MP: 0/0
    64 | D:1      | Reached XP level 2. HP: 15/18 MP: 1/1
   343 | D:1      | Reached skill level 1 in Stealth
   343 | D:1      | Reached XP level 3. HP: 14/22 MP: 2/2
   780 | D:2      | Found an iron altar of Okawaru.
   789 | D:2      | Became a worshipper of Warmaster Okawaru
  1096 | D:2      | Noticed an angel
  1099 | D:2      | Found a glowing silver altar of Zin.
  1099 | D:2      | Found a shimmering altar of Xom.
  1308 | D:2      | Noticed Ijyb
  1336 | D:2      | Killed Ijyb
  1336 | D:2      | Reached XP level 4. HP: 15/28 MP: 3/3
  1782 | D:3      | Reached skill level 5 in Dodging
  2200 | D:3      | Reached XP level 5. HP: 32/32 MP: 4/4
  2823 | D:4      | Reached skill level 5 in Short Blades
  2836 | D:4      | Noticed Malachi's ghost (average NaIE)
  2840 | D:4      | Killed from afar by an orc priest

Action                   |  1- 3 |  4- 6 || total
-------------------------+-------+-------++-------
Melee: Short sword       |   131 |    64 ||   195
Throw: Tomahawk          |     7 |     4 ||    11
  Use: Scroll            |       |    13 ||    13
       Potion            |       |     8 ||     8
 Stab: Sleeping          |     1 |     1 ||     2
